 Dungeon Crawl Stone Soup version 0.31-a0-968-g24f9ace (webtiles) character file.

Game seed: 5477989494949249101

49159 lbelmanw the Protected (level 14, -13/91 HPs)
             Began as a Gargoyle Fighter on Oct 27, 2023.
             Was the Champion of Okawaru.
             Mangled by a dire elephant simulacrum (20 damage)
             ... animated by a necromancer
             ... on level 5 of the Lair of Beasts.
             The game lasted 01:48:09 (17701 turns).

lbelmanw the Protected (Gargoyle Fighter)          Turns: 17701, Time: 01:48:11

Health: -13/91     AC: 31    Str: 21    XL:     14   Next: 49%
Magic:  19/21      EV: 14    Int: 17    God:    Okawaru [******]
Gold:   1188       SH: 10    Dex:  9    Spells: 13/13 levels left

rFire   . . .        U - +0 morningstar
rCold   . . .        p - +3 buckler of Monotheism {Int+2}
rNeg    + + .        X - +0 plate armour
rPois   ∞            n - +0 helmet
rElec   +            (no cloak)
rCorr   +            (no gloves)
SInv    .            (no boots)
Will    +....        b - amulet of regeneration Stlth
                     Z - ring of resist corrosion
HPRegen 1.15/turn    L - ring of Spring {rN+ EV+5 Str-2 Int+4}
MPRegen 0.17/turn

%: no passive effects
@: heroic, finesse-ful, flying, studying Armour
A: sickness immunity, AC +10, big wings, negative energy resistance 1,
electricity resistance, torment resistance 1, petrification resistance
a: Renounce Religion, Heroism, Finesse, Duel, Receive Weapon, Receive Armour


You were on level 5 of the Lair of Beasts.
You worshipped Okawaru.
Okawaru was exalted by your worship.
You visited 3 branches of the dungeon, and saw 17 of its levels.

You collected 1188 gold pieces.

Inventory:

Hand Weapons
 a - a +0 flail
 d - a +2 heavy broad axe
 E - a +1 demon whip of venom
 H - a +2 war axe of flaming
 P - a +4 war axe
 U - a +0 morningstar (weapon)
Missiles
 c - 12 javelins
 h - 10 curare-tipped darts
 G - 11 boomerangs (quivered)
 J - 2 throwing nets
 K - 35 poisoned darts
 O - 6 silver javelins
 Q - 7 atropa-tipped darts
Armour
 m - a +1 scale mail of fire resistance
 n - a +0 helmet (worn)
 p - the +3 buckler of Monotheism (worn) {Int+2}
   (You found it on level 1 of the Lair of Beasts)

   Int+2:     It affects your intelligence (+2).
 q - the +5 ring mail of Trumpets {rF++ Regen+ Int+4}
   (You found it on level 3 of the Dungeon)

   Int+4:     It affects your intelligence (+4).
   rF++:      It greatly protects you from fire.
   Regen+:    It increases your rate of health regeneration.
 X - a +0 plate armour (worn)
Jewellery
 b - an amulet of regeneration (around neck)
 y - an amulet of magic regeneration
 L - the ring of Spring (right hand) {rN+ EV+5 Str-2 Int+4}
   (You found it on level 6 of the Dungeon)

   [ring of evasion]

   EV+5:      It affects your evasion (+5).
   Str-2:     It affects your strength (-2).
   Int+4:     It affects your intelligence (+4).
   rN+:       It protects you from negative energy.
 N - a ring of positive energy
 S - a +6 ring of dexterity
 Y - an amulet of the acrobat
 Z - a ring of resist corrosion (left hand)
Wands
 l - a wand of flame (57)
 t - a wand of digging (5)
 w - a wand of acid (4)
 x - a wand of roots (7)
Scrolls
 e - a scroll of enchant armour {unknown}
 j - a scroll of identify
 k - 2 scrolls of enchant weapon
 u - 5 scrolls of teleportation
 A - 4 scrolls of revelation
 B - a scroll of fear
 C - 4 scrolls of silence
 F - a scroll of butterflies {unknown}
 I - 4 scrolls of fog
 M - 2 scrolls of poison
 T - a scroll of brand weapon {unknown}
 W - 2 scrolls of blinking
Potions
 f - 3 potions of haste
 g - 4 potions of enlightenment
 i - a potion of lignification {unknown}
 o - 2 potions of mutation
 r - a potion of resistance {unknown}
 s - 3 potions of magic
 v - a potion of cancellation
 z - 4 potions of brilliance
 D - a potion of heal wounds
 R - 2 potions of curing
 V - a potion of attraction {unknown}


   Skills:
 + Level 11.7(16.7) Fighting
 + Level 10.5(15.5) Maces & Flails
 + Level 6.1(11.1) Throwing
 + Level 14.3(19.3) Armour
 + Level 11.5(16.5) Shields
 + Level 10.5 Invocations
 + Level 8.7 Evocations


You had 13 spell levels left.
You didn't know any spells.
Your spell library contained the following spells:

 Spells                   Type           Power      Damage    Failure   Level
 Kiss of Death            Conj/Necr      0%         2d5       88%         1
 Lesser Beckoning         Tloc           0%         N/A       96%         2
 Wereblood                Tmut           0%         N/A       96%         2
 Confusing Touch          Hex            0%         N/A       99%         3
 Gell's Gravitas          Tloc           0%         N/A       99%         3
 Ignite Poison            Fire/Tmut/Pois 0%         N/A       99%         3
 Teleport Other           Tloc           0%         N/A       99%         3
 Volatile Blastmotes      Fire/Tloc      0%         2d10      99%         3
 Dispel Undead            Necr           0%         3d6       100%        4
 Fulminant Prism          Conj/Hex       0%         3d5       100%        4
 Iskenderun's Mystic Bla  Conj/Tloc      0%         2d3       100%        4
 Passage of Golubria      Tloc           0%         N/A       100%        4
 Sticky Flame             Conj/Fire      0%         2d3       100%        4
 Irradiate                Conj/Tmut      0%         3d11      100%        5
 Yara's Violent Unravell  Hex/Tmut       0%         3d3       100%        5
 Eringya's Noxious Bog    Tmut/Pois      0%         4d6       100%        6
 Ignition                 Fire           0%         3d3       100%        8
 Tukima's Dance           Hex            Unusable   N/A       N/A         3
 Summon Forest            Summ/Tloc      Unusable   N/A       N/A         5
 Summon Hydra             Summ           Unusable   N/A       N/A         7

Dungeon Overview and Level Annotations

Branches:
Dungeon (11/15)            Temple (1/1) D:6            Lair (5/5) D:11
  Swamp (0/4) Lair:2       Spider (0/4) Lair:3        Slime (0/5) Lair:5
    Orc (0/2) D:11

Altars:
Ashenzari
Cheibriados
Dithmenos
Elyvilon
Fedhas
Gozag
Hepliaklqana
Kikubaaqudgha
Makhleb
Nemelex Xobeh
Okawaru
Qazlal
Ru
Sif Muna
Trog
Uskayaw
Vehumet
Wu Jian
Xom
Yredelemnul
Zin
The Shining One
Jiyva

Shops:
D:1 !?   D:4 *!

Annotations:
Lair:5 exclusion: obsidian statue


Innate Abilities, Weirdness & Mutations

You are immune to sickness and miasma.
Your stone body is resilient. (AC +10)
You are immune to poison.
Your large and strong wings let you fly.
You resist negative energy. (rN+)
You are resistant to electric shocks. (rElec)
You are resistant to unholy torment.
You are immune to petrification.


Message History

You puncture the dire elephant!
The dire elephant is almost dead.
You barely miss the dire elephant.
The dire elephant is almost dead.
You hit the dire elephant.
The dire elephant is almost dead.
The dire elephant tramples you!
* * * LOW HITPOINT WARNING * * *
You hold your ground!
The dire elephant trunk-slaps you but does no damage.
You sock the dire elephant!
The dire elephant is almost dead.
You thump the dire elephant!
You kill the dire elephant!
Okawaru accepts your kill.
Throw: 11 boomerangs
Press: ? - help, Q - select action, (/) - cycle Shift-Dir - straight line, f - dire elephant simulacrum
Aim: a dire elephant simulacrum (98% to hit)
You throw a boomerang.
The boomerang hits the dire elephant simulacrum but does no damage.
You puncture the dire elephant simulacrum!
The dire elephant simulacrum is moderately damaged.
You hit the dire elephant simulacrum but do no damage.
The dire elephant simulacrum is moderately damaged.
You puncture the dire elephant simulacrum!
The dire elephant simulacrum is severely damaged.
A dire elephant simulacrum comes into view.
The dire elephant simulacrum tramples you!
* * * LOW HITPOINT WARNING * * *
You hold your ground!
The dire elephant simulacrum trunk-slaps you but does no damage.
Okay, then.
You feel better.
You hit the dire elephant simulacrum.
The dire elephant simulacrum is almost destroyed.
The dire elephant simulacrum barely misses you.
The dire elephant simulacrum trunk-slaps you!
* * * LOW HITPOINT WARNING * * *
The dire elephant simulacrum freezes you!!
You die...

.##....###.#.# ~≈Yp~
.###.####..#.## ≈~.. ##
### ##..#.P# .Y#
#.#.##.####'##
#######..♣#...#8.8#
#.##......###.#.ZY#
##.....#...##.##..####
####........♣#.P#..'..#
#.P......#..♣##@#..'.P##
##...#...#...♣ #Z####...##
#....##.###.♣# #Z..Y'....#
#..######P..######..'...##
..## ##.♣#...'..8#....#
..## ##.♣#...#####...##
...# #..##..P# #..P# ...#
##.##...# ##.P#
...######..##...# ...♣


You could see 2 dire elephant simulacra.

Vanquished Creatures
  4 dire elephants (Lair:5)
  A minotaur (Lair:3)
  2 hydras
  A centaur warrior (D:11)
  3 death yaks (Lair:5)
  3 two-headed ogres
  2 boulder beetles
  Urug (Lair:4)
  A spectral death yak (Lair:5)
  Amaemon (Lair:2)
  A spectral anaconda (Lair:5)
  Pikel (D:4)
  4 necromancers (Lair:5)
  An ugly thing (D:11)
  A will-o-the-wisp (Lair:2)
  12 elephants
  A dire elephant zombie (Lair:5)
  2 cyclopes (D:11)
  3 black mambas
  An orange demon (Lair:2)
  10 cane toads
  A torpor snail (Lair:5)
  A gargoyle (D:11)
  An unseen horror (D:10)
  Maggie (D:6)
  4 rime drakes
  A dire elephant skeleton (Lair:5)
  An unseen horror zombie (D:8)
  4 komodo dragons
  3 trolls
  2 ice devils (Lair:4)
  2 polar bears
  2 spectral elephants (Lair:5)
  20 blink frogs
  A slime creature (D:7)
  Sigmund (D:5)
  A shadow (D:9)
  6 wyverns
  A jumping spider (Lair:3)
  2 wraiths
  Grum (D:11)
  40 yaks
  Eustachio (D:6)
  A dire elephant simulacrum (Lair:5)
  3 basilisks
  3 redbacks (Lair:3)
  11 water moccasins
  2 spectral cane toads (Lair:5)
  2 orc warriors (D:11)
  3 black bears
  An ice beast (D:7)
  2 elephant zombies (Lair:5)
  10 wolves
  2 ogres (D:6)
  5 centaurs
  2 phantoms
  A lemure (D:5)
  Blork the orc (D:4)
  A kobold brigand (D:8)
  13 bullfrogs
  A gnoll sergeant (D:7)
  2 cane toad simulacra (Lair:5)
  A scorpion (D:5)
  6 wights
  An elephant simulacrum (Lair:5)
  11 killer bees (D:9)
  5 howler monkeys
  3 electric eels
  A centaur zombie (D:8)
  A crimson imp (D:10)
  A gnoll bouda (D:7)
  2 orc priests (D:11)
  A hound (D:5)
  7 jellies
  Jessica (D:2)
  3 iguanas
  3 orc wizards
  5 hell rats (Lair:3)
  Robin (D:2)
  16 gnolls
  9 adders
  3 white imps
  6 ufetubi
  A worm (D:3)
  3 dart slugs
  8 orcs
  2 ball pythons
  5 endoplasms
  A giant cockroach (D:4)
  13 goblins
  8 hobgoblins
  9 jackals
  10 kobolds
  A quokka (D:4)
  2 bats (D:3)
  2 frilled lizards
  5 rats
376 creatures vanquished.

Vanquished Creatures (others)
  6 foxfires (Lair:2)
6 creatures vanquished.

Grand Total: 382 creatures vanquished

Notes
Turn   | Place    | Note
-------+----------+-------------------------------------------
     0 | D:1      | lbelmanw the Gargoyle Fighter began the quest for the Orb.
     0 | D:1      | Reached XP level 1. HP: 14/14 MP: 1/1
   151 | D:1      | Reached XP level 2. HP: 19/19 MP: 2/2
   230 | D:1      | Found Oczept's Magic Scroll Shop.
   333 | D:1      | Reached XP level 3. HP: 23/23 MP: 3/3
   448 | D:1      | Found Goschats's Distillery.
   687 | D:2      | Noticed Jessica
   718 | D:2      | Killed Jessica
   719 | D:2      | Reached XP level 4. HP: 9/29 MP: 4/4
   883 | D:2      | Found a faded altar of an unknown god.
   970 | D:2      | Reached skill level 4 in Armour
   996 | D:2      | Noticed Robin
  1069 | D:2      | Killed Robin
  1081 | D:2      | Reached XP level 5. HP: 16/33 MP: 5/5
  1956 | D:3      | Identified the +5 ring mail of Trumpets {rF++ Regen+ Int+4}
  2361 | D:4      | Found Mooqar's Distillery.
  2468 | D:4      | Noticed a phantom
  2719 | D:4      | Found Vizxed's Gadget Gallery.
  3033 | D:5      | Entered Level 5 of the Dungeon
  3037 | D:5      | Noticed a lemure
  3059 | D:5      | Killed a lemure
  3087 | D:5      | Reached skill level 1 in Invocations
  3094 | D:5      | Reached XP level 6. HP: 39/39 MP: 6/6
  3187 | D:5      | Reached skill level 1 in Evocations
  3395 | D:5      | Noticed Pikel
  3396 | D:5      | Noticed Sigmund
  3419 | D:4      | Killed Pikel
  3420 | D:4      | Reached skill level 5 in Fighting
  3420 | D:4      | Reached skill level 5 in Armour
  3420 | D:4      | Reached skill level 5 in Shields
  3420 | D:4      | Reached XP level 7. HP: 25/44 MP: 7/9
  3428 | D:4      | Reached XP level 8. HP: 39/49 MP: 10/10
  3651 | D:5      | Noticed Blork the orc
  3790 | D:4      | Killed Blork the orc
  3915 | D:5      | Killed Sigmund
  4283 | D:6      | Found a staircase to the Ecumenical Temple.
  4291 | Temple   | Entered the Ecumenical Temple
  4562 | Temple   | Became a worshipper of Warmaster Okawaru
  4652 | D:6      | Noticed a troll
  4665 | D:6      | Killed a troll
  4666 | D:6      | Reached skill level 6 in Armour
  4724 | D:6      | Identified the ring of Spring {rN+ EV+5 Str-2 Int+4}
  4763 | D:6      | Found a burning altar of Makhleb.
  5082 | D:6      | Found a bloodstained altar of Trog.
  5103 | D:6      | Reached skill level 5 in Maces & Flails
  5127 | D:6      | Noticed Eustachio
  5152 | D:6      | Killed Eustachio
  5153 | D:6      | Reached XP level 9. HP: 48/55 MP: 12/12
  5450 | D:6      | Found a glowing silver altar of Zin.
  5497 | D:6      | Noticed Maggie
  5523 | D:6      | Killed Maggie
  5523 | D:6      | Reached * piety under Okawaru
  5890 | D:7      | Reached skill level 5 in Invocations
  5943 | D:7      | Reached ** piety under Okawaru
  6057 | D:7      | Reached skill level 7 in Armour
  6221 | D:7      | Reached XP level 10. HP: 45/63 MP: 14/14
  6283 | D:7      | Found an opulent altar of Gozag.
  6300 | D:7      | Found a white marble altar of Elyvilon.
  6919 | D:8      | Noticed a two-headed ogre
  6935 | D:8      | Killed a two-headed ogre
  6935 | D:8      | Reached *** piety under Okawaru
  7212 | D:8      | Found a sparkling altar of Nemelex Xobeh.
  7449 | D:8      | Reached skill level 5 in Evocations
  7694 | D:8      | Found a basalt altar of Yredelemnul.
  7715 | D:8      | Found a sacrificial altar of Ru.
  7907 | D:9      | Reached skill level 8 in Armour
  8022 | D:9      | Reached **** piety under Okawaru
  8345 | D:9      | Reached XP level 11. HP: 68/68 MP: 16/16
  8407 | D:9      | Reached skill level 9 in Armour
  8656 | D:10     | Entered Level 10 of the Dungeon
  8877 | D:10     | Noticed a two-headed ogre
  8887 | D:10     | Killed a two-headed ogre
  8887 | D:10     | Reached ***** piety under Okawaru
  9650 | D:11     | Found a staircase to the Orcish Mines.
  9711 | D:11     | Noticed a two-headed ogre
  9713 | D:11     | Noticed a boulder beetle
  9726 | D:11     | Killed a two-headed ogre
  9728 | D:11     | Noticed Grum
  9735 | D:11     | Reached skill level 10 in Armour
  9744 | D:11     | Killed Grum
  9764 | D:11     | Received a gift from Okawaru
  9819 | D:11     | Noticed a cyclops
  9882 | D:11     | Killed a cyclops
  9942 | D:11     | Noticed a cyclops
 10029 | D:11     | Killed a cyclops
 10030 | D:11     | Reached skill level 1 in Throwing
 10045 | D:11     | Noticed a green ugly thing
 10059 | D:11     | Killed a green ugly thing
 10114 | D:11     | Noticed a centaur warrior
 10126 | D:11     | Killed a centaur warrior
 10336 | D:11     | Reached XP level 12. HP: 76/76 MP: 17/17
 10551 | D:11     | Killed a boulder beetle
 10597 | D:11     | Reached skill level 11 in Armour
 10709 | D:11     | Found a staircase to the Lair.
 10950 | Lair:1   | Entered Level 1 of the Lair of Beasts
 10981 | Lair:1   | Received a gift from Okawaru
 11294 | Lair:1   | Received a gift from Okawaru
 11555 | Lair:1   | Identified the +3 buckler of Monotheism {Int+2}
 12203 | Lair:2   | Found a staircase to the Swamp.
 12352 | Lair:2   | Reached skill level 10 in Shields
 12398 | Lair:2   | Reached skill level 10 in Fighting
 12401 | Lair:2   | Noticed Amaemon
 12430 | Lair:2   | Killed Amaemon
 12756 | Lair:2   | Reached skill level 12 in Armour
 13360 | Lair:3   | Received a gift from Okawaru
 13369 | Lair:3   | Reached XP level 13. HP: 77/82 MP: 19/19
 13698 | Lair:3   | Reached ****** piety under Okawaru
 13885 | Lair:3   | Found a runed translucent door.
 14138 | Lair:3   | Received a gift from Okawaru
 14251 | Lair:3   | Found a hole to the Spider Nest.
 14569 | Lair:3   | Noticed a minotaur
 14584 | Lair:3   | Killed a minotaur
 14806 | Lair:4   | Noticed Urug
 14826 | Lair:4   | Killed Urug
 15065 | Lair:4   | Reached skill level 13 in Armour
 15708 | Lair:5   | Entered Level 5 of the Lair of Beasts
 15910 | Lair:5   | Reached skill level 5 in Throwing
 15917 | Lair:5   | Received a gift from Okawaru
 15991 | Lair:5   | Found a staircase to the Slime Pits.
 15997 | Lair:5   | Found a viscous altar of Jiyva.
 16306 | Lair:5   | Reached skill level 10 in Maces & Flails
 16418 | Lair:5   | Reached skill level 10 in Invocations
 16452 | Lair:5   | Noticed a dire elephant
 16452 | Lair:5   | Noticed a dire elephant
 16452 | Lair:5   | Noticed a dire elephant
 16453 | Lair:5   | Noticed a dire elephant
 16475 | Lair:5   | Killed a dire elephant
 16494 | Lair:5   | Killed a dire elephant
 16495 | Lair:5   | Gained mutation: Your large and strong wings let you fly.
                  | [Gargoyle growth]
 16495 | Lair:5   | Reached XP level 14. HP: 18/90 MP: 21/21
 16791 | Lair:5   | Found the +4 Cigotuvi's embrace {Corpsefed rMiasma Drain
                  | rN+}
 16870 | Lair:5   | Received a gift from Okawaru
 17111 | Lair:5   | Reached skill level 14 in Armour
 17552 | Lair:5   | Received a gift from Okawaru
 17655 | Lair:5   | Killed a dire elephant
 17695 | Lair:5   | Killed a dire elephant
 17699 | Lair:5   | HP: 3/91 [dire elephant simulacrum[a necromancer] (15)]
 17701 | Lair:5   | Mangled by a dire elephant simulacrum

Illustrated notes

Levels and vault maps discovered:
D:1:      dpeg_arrival_rooms_b, layout_loops_ring, serial_shops, shop, shop
D:2:      layout_loops_ring, basic_ecumenical_altar, uniq_jessica, uniq_robin
D:3:      layout_rooms, kennysheep_cross_bottleneck
D:4:      layout_basic, serial_shops, nicolae_stop_n_shop_1,
          nicolae_shop_gadgets
D:5:      layout_basic, roderic_lattice_a, uniq_pikel, uniq_sigmund,
          uniq_blork_the_orc
D:6:      layout_loops_corners, mainiacjoe_overflow_surrounded_room,
          zin_treasury, mainiacjoe_overflow_tiny_flanked,
          minmay_temple_entry_junction, uniq_maggie, uniq_eustachio
D:7:      layout_loops_ring, mainiacjoe_overflow_boulevard, lemuel_doored_altar
D:8:      layout_basic, lemuel_zombie_altar_yredelemnul,
          mainiacjoe_overflow_chevrons, lemuel_tele_altar
D:9:      layout_basic
D:10:     layout_roguey, minmay_crystal_water, minmay_fire_ice_demons
D:11:     layout_rooms, lair_entry_dummy, minmay_orc_entry_temple_small,
          minmay_fractal_squares_gapless_7, uniq_grum
Temple:   minmay_temple_curvy_branch
Lair:1:   layout_misc_corridors
Lair:2:   layout_layer_cave, minmay_swamp_entry_wisps, serial_bayou_shore_a,
          uniq_amaemon
Lair:3:   dreamdust_labyrinth, layout_regular_city, spider_nest_entry_a
Lair:4:   layout_gridlike, portal_ice_cave_demonic_guard, uniq_urug
Lair:5:   due_jungle_book, layout_cave_pods, nicolae_slime_entry_field_trip

Skill      XL: |  1  2  3  4  5  6  7  8  9 10 11 12 13 14 |
---------------+-------------------------------------------+-----
Shields        | 4 5 6 7 8 9 10 11 | 11.5
Fighting       | 4 5 6 7 8 9 10 11 | 11.7
Armour         | 4 5 6 7 8 10 12 13 14 | 14.3
Maces & Flails | 3 4 5 6 7 8 9 10 | 10.5
Invocations    | 1 2 4 5 6 7 9 10 | 10.5
Evocations     | 2 3 4 5 6 7 8 |  8.7
Throwing       | 1 3 5 6 |  6.1

Action                     |  1- 3 |  4- 6 |  7- 9 | 10-12 | 13-15 || total
---------------------------+-------+-------+-------+-------+-------++-------
  Melee: Flail             |    57 |   219 |   338 |   267 |       ||   881
         War axe           |       |       |       |   533 |       ||   533
         Demon whip        |       |       |       |    60 |   531 ||   591
         Morningstar       |       |       |       |    19 |   404 ||   423
  Throw: Dart              |       |       |    13 |    47 |       ||    60
         Boomerang         |       |       |       |    14 |     9 ||    23
 Invoke: Heroism           |       |       |       |     3 |     2 ||     5
         Finesse           |       |       |       |       |     1 ||     1
    Use: Potion            |       |     1 |     6 |       |     5 ||    12
         Scroll            |       |       |     4 |     7 |     6 ||    17
 Armour: Scale mail        |    38 |    79 |       |       |       ||   117
         Ring mail         |       |    94 |   307 |   486 |       ||   887
         Plate armour      |       |       |       |   183 |   608 ||   791
  Dodge: Dodged            |    27 |   115 |   222 |   538 |   342 ||  1244
  Block: Buckler           |    13 |    61 |    90 |   332 |   331 ||   827

Table legend: (Time is in decaauts)
 A = Elapsed time spent in this place.
 B = Non-inter-level travel time spent in this place.
 C = Inter-level travel time spent in this place.
 D = Time resting spent in this place.
 E = Time spent auto-exploring this place.
 F = Levels seen in this place.
 G = Mean time per level.
                   A        B        C        D        E       F      G
               +--------+--------+--------+--------+--------+-----+--------+
         Total |  17803 |  16132 |   1671 |   1659 |   8658 |  17 | 1047.2 |
       Dungeon |  10957 |  10234 |    723 |   1283 |   5350 |  11 |  996.1 |
        Temple |    293 |      4 |    289 |      0 |      0 |   1 |  293.0 |
          Lair |   6551 |   5893 |    658 |    376 |   3307 |   5 | 1310.2 |
               +--------+--------+--------+--------+--------+-----+--------+

Top non-repeatable levels by time:
  Lair:5: 1881 daAuts
  Lair:2: 1411 daAuts
    D:11: 1409 daAuts
  Lair:3: 1360 daAuts
     D:6: 1258 daAuts
     D:7: 1137 daAuts
     D:2: 1136 daAuts
     D:8: 1004 daAuts
    D:10: 981 daAuts
     D:4: 957 daAuts
  Lair:1: 954 daAuts
  Lair:4: 944 daAuts
     D:5: 933 daAuts
     D:9: 826 daAuts
     D:1: 802 daAuts
